 Dungeon Crawl Stone Soup version 0.26.1-2-gb8aa6d0cf2 (webtiles) character file.

Game seed: 2444844419583449684

55 Gadfly the Shield-Bearer (level 3, -1/23 HPs)
             Began as a Gargoyle Fighter on Feb 9, 2021.
             Slain by a gnoll
             ... wielding a +0 flail
              (7 damage)
             ... on level 2 of the Dungeon.
             The game lasted 00:02:02 (1473 turns).

Gadfly the Shield-Bearer (Gargoyle Fighter)         Turns: 1473, Time: 00:02:02

Health: -1/23      AC: 10    Str: 20    XL:     3   Next: 93%
Magic:  3/3        EV:  7    Int:  8    God:
Gold:   62         SH:  9    Dex:  9    Spells: 2/2 levels left

rFire    . . .     SeeInvis .   a - +0 flail
rCold    . . .     Faith    .   c - +0 kite shield
rNeg     + . .     Spirit   .   f - +0 scale mail
rPois    ∞         Reflect  .   (no helmet)
rElec    +         Harm     .   (no cloak)
rCorr    .         Rampage  .   (no gloves)
Will     .....                  (no boots)
Stlth    ..........             (no amulet)
HPRegen  0.07/turn              (no ring)
MPRegen  0.08/turn              (no ring)

@: mighty
A: negative energy resistance 1, electricity resistance, unbreathing,
petrification resistance, miasma immunity, AC +3
a: no special abilities


You were on level 2 of the Dungeon.
You visited 1 branch of the dungeon, and saw 2 of its levels.

You collected 62 gold pieces.

Inventory:

Hand Weapons
 a - a +0 flail (weapon)
 b - a +0 dagger of holy wrath
Armour
 c - a +0 kite shield (worn)
 f - a +0 scale mail (worn)
Scrolls
 g - a scroll of magic mapping {unknown}
Potions
 e - a potion of curing {unknown}


   Skills:
 + Level 3.6 Fighting
 * Level 2.9 Maces & Flails
 + Level 3.6 Armour
 + Level 3.6 Shields
 * Level 1.1 Evocations


You had 2 spell levels left.
You didn't know any spells.
Your spell library contained the following spells:

 Spells                   Type           Power        Failure   Level
 Corona                   Hex            0%           99%         1
 Ensorcelled Hibernation  Hex/Ice        0%           100%        2
 Confusing Touch          Hex            0%           100%        3
 Dazzling Flash           Conj/Hex       0%           100%        3
 Tukima's Dance           Hex            0%           100%        3


Dungeon Overview and Level Annotations

Branches:
Dungeon (2/15)

Altars:
Ashenzari
Ru


Innate Abilities, Weirdness & Mutations

You are resistant to torment.
Your stone body is resilient. (AC +3)
You are immune to poison.
You resist negative energy. (rN+)
You are resistant to electric shocks. (rElec)
You can survive without breathing.
You are immune to petrification.
You are immune to miasma.


Message History

You see here a frilled lizard corpse.
The gnoll throws a poisoned dart.
The poisoned dart hits you!
You see here a poisoned dart.
You hit the gnoll but do no damage. The gnoll barely misses you.
The gnoll hits you.
* * * LOW HITPOINT WARNING * * *
You hit the gnoll.
The gnoll is moderately wounded.
The gnoll hits you but does no damage.
You hit the gnoll.
The gnoll is heavily wounded.
You sock the gnoll!
The gnoll is almost dead.
The gnoll closely misses you.
You barely miss the gnoll.
The gnoll is almost dead.
The gnoll closely misses you.
You feel very mighty all of a sudden. The gnoll hits you with a +0 flail!
You die...

#...≈≈≈≈≈≈≈≈≈..# #......
#...≈≈≈≈≈≈≈≈≈≈≈..###.....#
#..≈≈≈≈≈≈≈≈≈≈≈≈≈..##.....#
#..≈≈≈≈≈≈_≈≈≈≈≈≈..##.....#
#..≈≈≈≈≈≈≈≈≈≈≈≈≈..##.....
##..≈≈≈≈≈≈≈≈≈≈≈..........
##..≈≈≈≈≈≈≈≈≈...........
##...≈≈≈≈≈............#
##....@ggg..........
#######g...........
#............
#...(........
#............
#............
#............
#............
#............


You could see 4 gnolls.

Vanquished Creatures
  3 adders (D:2)
  A dart slug (D:1)
  A leopard gecko (D:2)
  A ball python (D:2)
  A giant cockroach (D:2)
  3 goblins
  A hobgoblin (D:1)
  3 bats
  4 frilled lizards (D:2)
  4 kobolds
  9 rats
31 creatures vanquished.

Notes
Turn   | Place    | Note
-------+----------+-------------------------------------------
     0 | D:1      | Gadfly the Gargoyle Fighter began the quest for the Orb.
     0 | D:1      | Reached XP level 1. HP: 14/14 MP: 1/1
   388 | D:1      | Reached XP level 2. HP: 19/19 MP: 2/2
  1046 | D:2      | Reached XP level 3. HP: 20/23 MP: 3/3
  1141 | D:2      | Found a sacrificial altar of Ru.
  1409 | D:2      | Reached skill level 1 in Evocations
  1428 | D:2      | Found a broken altar of Ashenzari.
  1473 | D:2      | Slain by a gnoll

Illustrated notes

Levels and vault maps discovered:
D:1:      lightli_arrival_isolated_outpost, layout_basic, minivault_19,
          skrybe_limestone_x
D:2:      layout_basic, lemuel_round_altar, lemuel_altar_in_water

Skill      XL: |  1  2  3 |
---------------+----------+-----
Evocations     | 1 |  1.1
Fighting       | |  3.6
Maces & Flails | |  2.9
Armour         | |  3.6
Shields        | |  3.6

Action                   || total
-------------------------++-------
Melee: Flail             ||   124
  Use: Potion            ||     1
Armor: Scale mail        ||    65
Dodge: Dodged            ||    46
Block: Kite shield       ||    75
